 Dungeon Crawl Stone Soup version 0.31-a0-549-gf98fd537a9 (webtiles) character file.

Game seed: 10296626833906449572

105 AdnanSaban the Covered (level 4, -1/29 HPs)
             Began as a Gargoyle Fighter on Aug 16, 2023.
             Slain by an orc
             ... wielding a +0 dagger
              (3 damage)
             ... on level 3 of the Dungeon.
             The game lasted 00:02:23 (1755 turns).

AdnanSaban the Covered (Gargoyle Fighter)           Turns: 1755, Time: 00:02:24

Health: -1/29      AC: 11    Str: 22    XL:     4   Next: 81%
Magic:  4/4        EV:  9    Int:  8    God:
Gold:   100        SH:  4    Dex:  9    Spells: 3/3 levels left

rFire   . . .        a - +0 flail
rCold   . . .        c - +0 buckler
rNeg    + . .        b - +0 scale mail
rPois   ∞            p - +0 helmet
rElec   +            (no cloak)
rCorr   .            (no gloves)
SInv    .            (no boots)
Will    .....        (no amulet) Stlth
                     (no ring)
HPRegen 0.24/turn    (no ring)
MPRegen 0.09/turn

%: no passive effects
@: no status effects
A: sickness immunity, AC +3, negative energy resistance 1, electricity
resistance, torment resistance 1, petrification resistance
a: no special abilities


You were on level 3 of the Dungeon.
You visited 1 branch of the dungeon, and saw 3 of its levels.

You collected 100 gold pieces.

Inventory:

Hand Weapons
 a - a +0 flail (weapon)
Missiles
 m - 5 poisoned darts
 n - a throwing net
 o - 2 curare-tipped darts
 q - 4 javelins
Armour
 b - a +0 scale mail (worn)
 c - a +0 buckler (worn)
 p - a +0 helmet (worn)
Jewellery
 e - a +6 ring of dexterity
 k - an amulet of faith
 s - a +6 ring of strength
Scrolls
 f - a scroll of fear {unknown}
 g - a scroll of brand weapon {unknown}
 h - a scroll of silence {unknown}
 i - a scroll of amnesia {unknown}
 j - 2 scrolls of identify {unknown}
 t - a scroll of fog {unknown}
 u - a scroll of noise {unknown}
Potions
 d - a potion of might
 l - a potion of curing {unknown}
 r - a potion of berserk rage {unknown}


   Skills:
 + Level 3.7 Fighting
 + Level 3.3 Maces & Flails
 + Level 4.0 Armour
 + Level 0.4 Dodging
 + Level 0.2 Stealth
 + Level 3.8 Shields


You had 3 spell levels left.
You didn't know any spells.
Your spell library contained the following spells:

 Spells                   Type           Power      Damage    Failure   Level
 Freeze                   Ice            0%         1d3       80%         1
 Necrotise                Necr           0%         1d4       80%         1
 Wereblood                Tmut           0%         N/A       90%         2
 Frozen Ramparts          Ice            0%         1d1       99%         3
 Hailstorm                Conj/Ice       0%         3d3       99%         3
 Vampiric Draining        Necr           0%         2d6       99%         3
 Petrify                  Tmut/Erth      0%         N/A       100%        4
 Agony                    Necr           0%         N/A       100%        5
 Irradiate                Conj/Tmut      0%         3d11      100%        5
 Summon Hydra             Summ           0%         N/A       100%        7
 Sublimation of Blood     Necr           Unusable   N/A       N/A         2

Dungeon Overview and Level Annotations

Branches:
Dungeon (3/15)

Altars:

Shops:
D:2 (

Annotations:
D:2 1 runed translucent door, Crazy Yiuf


Innate Abilities, Weirdness & Mutations

You are immune to sickness and miasma.
Your stone body is resilient. (AC +3)
You are immune to poison.
You resist negative energy. (rN+)
You are resistant to electric shocks. (rElec)
You are resistant to unholy torment.
You are immune to petrification.


Message History

You barely miss the orc priest.
The orc priest is moderately wounded.
The orc hits you but does no damage. The orc priest hits you with a +0 mace.
* * * LOW HITPOINT WARNING * * *
The orc hits you but does no damage.
You barely miss the orc priest.
The orc priest is moderately wounded.
The orc hits you but does no damage.
The orc priest hits you but does no damage.
You block the orc's attack.
You completely miss the orc priest.
The orc priest is moderately wounded.
The orc hits you but does no damage. x2
The orc priest hits you but does no damage.
You hit the orc priest but do no damage.
The orc priest is moderately wounded.
The orc hits you but does no damage. x2
The orc priest looks encouraged for a moment.
The orc priest hits you with a +0 mace.
* * * LOW HITPOINT WARNING * * *
The orc hits you but does no damage. You block the orc's attack.
You hit the orc priest.
The orc priest is severely wounded.
The orc hits you but does no damage.
The orc priest hits you but does no damage.
The orc hits you but does no damage.
You barely miss the orc priest.
The orc priest is severely wounded.
The orc hits you but does no damage. You block the orc's attack.
The orc priest looks satisfied for a moment.
You closely miss the orc priest.
The orc priest is severely wounded.
The orc hits you but does no damage. The orc priest barely misses you.
You block the orc's attack.
You sock the orc priest!
You kill the orc priest!
The orc hits you with a +0 club.
* * * LOW HITPOINT WARNING * * *
The orc hits you with a +0 dagger.
You die...

#....# # $...#.#
....#.##. .........
#........
#.#####........
#.....o)o......
#@....... #.#'#.###
#.# # ###.#.#
#.....# #.#.########
#.#.# #...# #.#.#
#.#.#
#.#.####.#.#########


You could see 2 orcs.

Vanquished Creatures
  An orc priest (D:3)
  Jessica (D:2)
  Robin (D:2)
  A worm (D:2)
  A dart slug (D:1)
  3 ball pythons
  9 endoplasms
  A giant cockroach (D:1)
  9 goblins
  8 hobgoblins
  8 jackals
  2 kobolds (D:2)
  2 quokkas (D:1)
  2 bats
  A frilled lizard (D:3)
  4 rats
54 creatures vanquished.

Notes
Turn   | Place    | Note
-------+----------+-------------------------------------------
     0 | D:1      | AdnanSaban the Gargoyle Fighter began the quest for the
                  | Orb.
     0 | D:1      | Reached XP level 1. HP: 14/14 MP: 1/1
    26 | D:1      | Reached XP level 2. HP: 19/19 MP: 2/2
   747 | D:2      | Reached XP level 3. HP: 23/23 MP: 3/3
   863 | D:2      | Noticed Robin
   966 | D:2      | Killed Robin
   983 | D:2      | Reached skill level 4 in Armour
   986 | D:2      | Reached XP level 4. HP: 28/28 MP: 4/4
  1002 | D:2      | Noticed Jessica
  1005 | D:2      | Killed Jessica
  1402 | D:2      | Found Xinarapen's Antique Weapon Shop.
  1575 | D:2      | Found a runed translucent door.
  1576 | D:2      | Noticed Crazy Yiuf
  1755 | D:3      | Slain by an orc

Illustrated notes

Levels and vault maps discovered:
D:1:      tarquinn_simple_flora_water_b, layout_basic
D:2:      layout_loops_cross, serial_shops, nicolae_shop_hallway_plus,
          uniq_robin, uniq_crazy_yiuf_cottage, uniq_jessica
D:3:      layout_basic, ebering_ecumenical_altar_hall, serial_shops,
          nicolae_shop_back_alley_shop

Skill      XL: |  1  2  3  4 |
---------------+-------------+-----
Armour         | 4 |  4.0
Maces & Flails | 3 |  3.3
Fighting       | |  3.7
Dodging        | |  0.4
Stealth        | |  0.2
Shields        | |  3.8

Action                     |  1- 3 |  4- 6 || total
---------------------------+-------+-------++-------
  Melee: Flail             |   106 |    71 ||   177
 Armour: Scale mail        |    64 |    52 ||   116
  Dodge: Dodged            |    65 |    27 ||    92
  Block: Buckler           |    29 |    17 ||    46

Table legend: (Time is in decaauts)
 A = Elapsed time spent in this place.
 B = Non-inter-level travel time spent in this place.
 C = Inter-level travel time spent in this place.
 D = Time resting spent in this place.
 E = Time spent auto-exploring this place.
 F = Levels seen in this place.
 G = Mean time per level.
                   A        B        C        D        E       F      G
               +--------+--------+--------+--------+--------+-----+--------+
         Total |   1807 |   1733 |     74 |     51 |   1278 |   3 |  602.3 |
       Dungeon |   1807 |   1733 |     74 |     51 |   1278 |   3 |  602.3 |
               +--------+--------+--------+--------+--------+-----+--------+

Top non-repeatable levels by time:
     D:2: 841 daAuts
     D:1: 812 daAuts
     D:3: 154 daAuts
